 Dungeon Crawl Stone Soup version 0.27.1-3-gb3d3a73c9e (webtiles) character file.

Game seed: 2610028836835951268

441 BOMJPIETVODKU the Chopper (level 7, 0/50 (60) HPs)
             Began as a Hill Orc Fighter on Oct 28, 2021.
             Slain by a wight (12 damage)
             ... on level 3 of the Dungeon.
             The game lasted 00:05:59 (4202 turns).

BOMJPIETVODKU the Chopper (Hill Orc Fighter)        Turns: 4202, Time: 00:06:00

HP:   0/50 (60)     AC: 12    Str: 21    XL:     7   Next: 2%
MP:   7/7           EV:  7    Int:  8    God:
Gold: 132           SH:  9    Dex: 10    Spells: 6/6 levels left

rFire    . . .     SeeInvis .   a - +0 war axe
rCold    . . .     Faith    .   c - +0 kite shield
rNeg     . . .     Spirit   .   b - +0 scale mail
rPois    .         Reflect  .   (no helmet)
rElec    .         Harm     .   (no cloak)
rCorr    .         Rampage  .   g - +0 pair of gloves
Will     .....                  (no boots)
Stlth    ..........             p - amulet of the acrobat
HPRegen  0.16/turn              n - +4 ring of protection
MPRegen  0.10/turn              (no ring)

@: heavily drained
A: no striking features
a: no special abilities


You were on level 3 of the Dungeon.
You visited 1 branch of the dungeon, and saw 4 of its levels.

You collected 132 gold pieces.

Inventory:

Hand Weapons
 a - a +0 war axe (weapon)
Missiles
 h - a throwing net (quivered)
 l - 4 poisoned darts
Armour
 b - a +0 scale mail (worn)
 c - a +0 kite shield (worn)
 g - a +0 pair of gloves (worn)
Jewellery
 i - an amulet of magic regeneration
 j - a ring of fire
 n - a +4 ring of protection (left hand)
 p - an amulet of the acrobat (around neck)
Scrolls
 f - a scroll of brand weapon {unknown}
 k - a scroll of identify {unknown}
 o - a scroll of summoning {unknown}
 q - a scroll of amnesia {unknown}
Potions
 d - a potion of might
 e - a potion of lignification {unknown}
 m - 2 potions of curing {unknown}


   Skills:
 + Level 4.9 Fighting
 * Level 6.9 Axes
 + Level 4.6 Armour
 + Level 4.4 Shields


You had 6 spell levels left.
You didn't know any spells.
Your spell library contained the following spells:

 Spells                   Type           Power      Damage    Failure   Level
 Magic Dart               Conj           0%         1d3       99%         1
 Call Imp                 Summ           0%         N/A       100%        2
 Corpse Rot               Necr/Air       N/A        N/A       100%        2
 Poisonous Vapours        Pois/Air       0%         N/A       100%        2
 Slow                     Hex            0%         N/A       100%        2
 Call Canine Familiar     Summ           0%         N/A       100%        3
 Confusing Touch          Hex            0%         N/A       100%        3
 Mephitic Cloud           Conj/Pois/Air  0%         N/A       100%        3
 Portal Projectile        Hex/Tloc       0%         N/A       100%        3
 Leda's Liquefaction      Hex/Erth       0%         N/A       100%        4
 Freezing Cloud           Conj/Ice/Air   0%         6-21      100%        5
 Yara's Violent Unravell  Hex/Tmut       0%         3d3       100%        5


Dungeon Overview and Level Annotations

Branches:
Dungeon (4/15)
 Temple: D:4-7

Altars:


Message History

You climb downwards.
The wight hits you with a +0 great sword.
You block the wight's attack.
The centaur skeleton hits you but does no damage.
The centaur skeleton kicks you but does no damage.
The wight closely misses you.
There is a stone staircase leading up here.
The centaur skeleton hits you but does no damage.
The centaur skeleton kicks you but does no damage.
The wight barely misses you. The wight hits you but does no damage.
You climb upwards.
There is a stone staircase leading down, spattered with blood here.
You barely miss the wight. You closely miss the wight.
The wight completely misses you. You block the wight's attack.
The wight hits you with a +1 great sword of freezing.
The wight freezes you.
You closely miss the wight. You hit the wight. You block the wight's attack. x2
The wight hits you with a +0 great sword.
You feel drained.
You closely miss the wight.
The wight is lightly damaged.
You slash the wight!
The wight hits you with a +1 great sword of freezing.
You feel drained. The wight freezes you. The wight barely misses you.
You hit the wight but do no damage.
The wight is heavily damaged.
You hit the wight.
The wight hits you with a +1 great sword of freezing!
The wight freezes you. You block the wight's attack.
The wight hits you with a +1 great sword of freezing.
You feel drained. The wight freezes you.
You hit the wight but do no damage.
The wight is heavily damaged.
You hit the wight. You block the wight's attack.
The wight hits you with a +1 great sword of freezing.
* * * LOW HITPOINT WARNING * * *
The wight freezes you.
* * * LOW HITPOINT WARNING * * *
The wight hits you with a +0 great sword!
You die...

##### #######........#.........
....############.................
...÷'##(.....###..######.########
....#.#.......##..# #........<
....#.#........'..# #..#######
..÷.#.#......))'..# #..#
....#)#'#....).'..# #..#
....#.#.#....)##[z# #..#
..P.#.#.#....###@.# #..#
..÷.##.#########.z######..#######
###############........#.........
#########..............#.########
..........#######.....^#.# #
................+......#.########
.##########.#####......#.##......
.+.............#########.##.#####
.###...........# ######.##.#


You could see 2 wights.

Vanquished Creatures
  Sigmund (D:2)
  2 wights (D:3)
  2 jellies (D:3)
  2 orc wizards (D:3)
  An adder (D:3)
  2 worms
  A dart slug (D:1)
  6 orcs
  4 bats
  15 endoplasms
  8 giant cockroaches
  7 goblins
  5 hobgoblins
  3 quokkas
  5 ball pythons
  2 frilled lizards
  12 kobolds
  4 rats
82 creatures vanquished.

Vanquished Creatures (others)
  2 fungi (D:3)
  11 toadstools (D:3)
13 creatures vanquished.

Grand Total: 95 creatures vanquished

Notes
Turn   | Place    | Note
-------+----------+-------------------------------------------
     0 | D:1      | BOMJPIETVODKU the Hill Orc Fighter began the quest for the
                  | Orb.
     0 | D:1      | Reached XP level 1. HP: 19/19 MP: 1/1
   447 | D:1      | Found a faded altar of an unknown god.
   476 | D:1      | Reached XP level 2. HP: 22/27 MP: 2/2
   486 | D:1      | Reached skill level 3 in Axes
  1125 | D:2      | Noticed Sigmund
  1133 | D:2      | Killed Sigmund
  1134 | D:2      | Reached skill level 4 in Axes
  1134 | D:2      | Reached XP level 3. HP: 7/34 MP: 3/3
  1134 | D:2      | Reached XP level 4. HP: 9/41 MP: 4/4
  1134 | D:2      | Reached XP level 5. HP: 10/47 MP: 5/5
  1880 | D:2      | Reached skill level 5 in Axes
  2319 | D:3      | Reached XP level 6. HP: 49/53 MP: 6/6
  2871 | D:3      | Reached skill level 6 in Axes
  4051 | D:3      | Reached XP level 7. HP: 29/55 MP: 7/7
  4202 | D:3      | Slain by a wight

Illustrated notes

Levels and vault maps discovered:
D:1:      elethiomel_arrival_infinity_welcomes_careful_drivers,
          layout_loops_ring, basic_ecumenical_altar
D:2:      layout_basic, kennysheep_generic_room_5, uniq_sigmund
D:3:      cheibrodos_fertilizer, layout_basic
D:4:      layout_cave_pools, minmay_misc_feat_four_crosses,
          minmay_shop_grid_forest

Skill      XL: |  1  2  3  4  5  6 |
---------------+-------------------+-----
Axes           | 4 5 6 |  6.9
Fighting       | 4 |  4.9
Armour         | 4 |  4.6
Shields        | 4 |  4.4

Action                   |  1- 3 |  4- 6 |  7- 9 || total
-------------------------+-------+-------+-------++-------
Melee: War axe           |    67 |   171 |     5 ||   243
  Use: Potion            |     1 |       |       ||     1
Armor: Scale mail        |    26 |    88 |     5 ||   119
Dodge: Dodged            |    16 |    49 |     4 ||    69
Block: Kite shield       |    41 |    90 |     6 ||   137
